 Dungeon Crawl Stone Soup version 0.31-a0-700-gf13585253f (webtiles) character file.

Game seed: 11254794192310309270

86 randomguy2701 the Covered (level 4, 0/40 HPs)
             Began as a Hill Orc Fighter on Sept 7, 2023.
             Succumbed to a gnoll's poison
             ... on level 3 of the Dungeon.
             The game lasted 00:01:30 (1868 turns).

randomguy2701 the Covered (Hill Orc Fighter)        Turns: 1868, Time: 00:01:31

Health: 0/40       AC:  7    Str: 18    XL:     4   Next: 50%
Magic:  4/4        EV:  9    Int:  8    God:
Gold:   60         SH:  5    Dex: 12    Spells: 3/3 levels left

rFire   . . .        a - +0 war axe
rCold   . . .        c - +0 buckler
rNeg    . . .        b - +0 scale mail
rPois   .            (no helmet)
rElec   .            (no cloak)
rCorr   .            (no gloves)
SInv    .            (no boots)
Will    .....        (no amulet) Stlth
                     (no ring)
HPRegen 0.26/turn    (no ring)
MPRegen 0.09/turn

%: no passive effects
@: lethally poisoned (0 -> -12)
A: no striking features
a: no special abilities


You were on level 3 of the Dungeon.
You visited 1 branch of the dungeon, and saw 3 of its levels.

You collected 60 gold pieces.

Inventory:

Hand Weapons
 a - a +0 war axe (weapon)
Armour
 b - a +0 scale mail (worn)
 c - a +0 buckler (worn)
Scrolls
 h - a scroll of amnesia {unknown}
 i - 2 scrolls of fear {unknown}
 l - a scroll of teleportation {unknown}
 m - 3 scrolls of identify {unknown}
 n - a scroll of blinking {unknown}
 p - a scroll of enchant armour {unknown}
Potions
 d - a potion of might
 e - a potion of cancellation {unknown}
 f - a potion of heal wounds {unknown}
 g - a potion of magic {unknown}
 j - 2 potions of brilliance {unknown}
 k - a potion of curing {unknown}
 o - a potion of enlightenment {unknown}


   Skills:
 + Level 4.0 Fighting
 + Level 4.1 Axes
 + Level 4.1 Armour
 + Level 0.3 Dodging
 + Level 3.9 Shields


You had 3 spell levels left.
You didn't know any spells.
Your spell library was empty.

Dungeon Overview and Level Annotations

Branches:
Dungeon (3/15)

Altars:

Shops:
D:3 [


Message History

You hit the gnoll but do no damage.
The gnoll is severely wounded.
The gnoll misses you.
You slash the gnoll!
You kill the gnoll!
Your Axes skill increases to level 4!
You slash the gnoll!
The gnoll is severely wounded.
You block the gnoll's attack. The gnoll hits you with a +0 whip.
The gnoll barely misses you. The gnoll hits you with a +0 whip.
You barely miss the gnoll.
The gnoll is severely wounded.
The gnoll hits you with a +0 whip. You block the gnoll's attack.
You slash the gnoll!
You kill the gnoll!
You block the gnoll's attack.
The gnoll throws a throwing net.
The throwing net barely misses you.
Things that are here:
a throwing net; a scroll labelled EDUARU TAAVIE The gnoll throws a throwing net.
The throwing net hits you.
You become entangled in the net!
You see here a throwing net.
You tear a large gash into the net.
You struggle against the net.
You rip the net and break free!
The gnoll hits you from afar with a +1 spear of venom!
You are poisoned.
You feel very sick.
You feel sick.
You feel sick. The gnoll attacks as it pursues you!
The gnoll closely misses you.
You feel sick. The gnoll attacks as it pursues you!
The gnoll closely misses you.
You feel sick. The gnoll attacks as it pursues you!
The gnoll hits you from afar with a +1 spear of venom.
* * * LOW HITPOINT WARNING * * *
You are lethally poisoned!
* * * LOW HITPOINT WARNING * * *
You feel very sick.
You die...

######.# #....g.#
#.###### ## #g# #.
#.# #. #g# #. #.#
#. #.# #.
#@###############.
#........[.....<.#
################..
###


You could see 2 gnolls.

Vanquished Creatures
  2 gnolls (D:3)
  3 adders (D:2)
  2 dart slugs (D:1)
  5 ball pythons
  3 endoplasms
  2 giant cockroaches
  2 goblins (D:2)
  3 hobgoblins
  2 quokkas
  2 bats (D:1)
  2 frilled lizards (D:1)
  7 kobolds
  4 rats
39 creatures vanquished.

Notes
Turn   | Place    | Note
-------+----------+-------------------------------------------
     0 | D:1      | randomguy2701 the Hill Orc Fighter began the quest for the
                  | Orb.
     0 | D:1      | Reached XP level 1. HP: 19/19 MP: 1/1
   199 | D:1      | Reached XP level 2. HP: 25/27 MP: 2/2
   599 | D:1      | Reached XP level 3. HP: 33/33 MP: 3/3
  1495 | D:2      | Reached XP level 4. HP: 39/40 MP: 4/4
  1754 | D:3      | Found Ybeir's Antique Armour Shop.
  1868 | D:3      | Succumbed to a gnoll's poison

Illustrated notes

Levels and vault maps discovered:
D:1:      grunt_arrival_lava_bath, layout_loops_ring, serial_forest,
          infiniplex_forest_clump_diagonal, infiniplex_forest_clump_diagonal,
          infiniplex_forest_lined_3_way, infiniplex_forest_zigzag_1,
          infiniplex_forest_end_2, infiniplex_forest_end_1,
          infiniplex_forest_end_2, infiniplex_forest_end_double,
          infiniplex_forest_clump_large, hangedman_decor_clover_reticule
D:2:      layout_loops_corners, chequers_serial_rivers_marsh
D:3:      layout_loops_ring, grunt_temple_overflow_opulence, serial_shops,
          shop_statue, shapermc_ecumenical_altar_mp_urbaneastern

Skill      XL: |  1  2  3  4 |
---------------+-------------+-----
Axes           | 3 4 |  4.1
Fighting       | 4 |  4.0
Armour         | 4 |  4.1
Dodging        | |  0.3
Shields        | |  3.9

Action                     |  1- 3 |  4- 6 || total
---------------------------+-------+-------++-------
  Melee: War axe           |    94 |     9 ||   103
 Armour: Scale mail        |    60 |     7 ||    67
  Dodge: Dodged            |    50 |     8 ||    58
  Block: Buckler           |    24 |     3 ||    27

Table legend: (Time is in decaauts)
 A = Elapsed time spent in this place.
 B = Non-inter-level travel time spent in this place.
 C = Inter-level travel time spent in this place.
 D = Time resting spent in this place.
 E = Time spent auto-exploring this place.
 F = Levels seen in this place.
 G = Mean time per level.
                   A        B        C        D        E       F      G
               +--------+--------+--------+--------+--------+-----+--------+
         Total |   1907 |   1828 |     79 |      0 |   1556 |   3 |  635.7 |
       Dungeon |   1907 |   1828 |     79 |      0 |   1556 |   3 |  635.7 |
               +--------+--------+--------+--------+--------+-----+--------+

Top non-repeatable levels by time:
     D:2: 965 daAuts
     D:1: 819 daAuts
     D:3: 123 daAuts
